 Dungeon Crawl Stone Soup version 0.27.0-1-g7a089689b8 (webtiles) character file.

Game seed: 3548576356610809752

46 fiver49 the Chucker (level 3, 0/40 HPs)
             Began as a Demonspawn Hunter on Aug 9, 2021.
             Succumbed to an adder's poison
             ... on level 2 of the Dungeon.
             The game lasted 00:02:24 (1245 turns).

fiver49 the Chucker (Demonspawn Hunter)             Turns: 1245, Time: 00:02:25

Health: 0/40       AC:  3    Str: 13    XL:     3   Next: 44%
Magic:  3/3        EV: 11    Int: 12    God:
Gold:   32         SH:  0    Dex: 13    Spells: 2/2 levels left

rFire    . . .     SeeInvis .   e - +1 whip (freeze)
rCold    . . .     Faith    .   (no shield)
rNeg     . . .     Spirit   .   b - +0 leather armour
rPois    .         Reflect  .   (no helmet)
rElec    .         Harm     .   (no cloak)
rCorr    .         Rampage  .   (no gloves)
Will     .....                  (no boots)
Stlth    ..........             f - amulet of the acrobat
HPRegen  0.13/turn              (no ring)
MPRegen  0.08/turn              (no ring)

@: berserking, lethally poisoned (0 -> -5), very quick
A: claws 1
a: no special abilities


You were on level 2 of the Dungeon.
You visited 1 branch of the dungeon, and saw 2 of its levels.

You collected 32 gold pieces.

Inventory:

Hand Weapons
 a - a +0 short sword
 e - a +1 whip of freezing (weapon)
Missiles
 c - 5 javelins (quivered)
 d - 2 throwing nets
Armour
 b - a +0 leather armour (worn)
Jewellery
 f - an amulet of the acrobat (around neck)
Scrolls
 g - a scroll of summoning {unknown}
 i - 4 scrolls of identify {unknown}
 j - a scroll of enchant weapon {unknown}
 k - a scroll of immolation {unknown}


   Skills:
 - Level 2.0 Fighting
 - Level 0.3 Long Blades
 + Level 2.8 Maces & Flails
 - Level 3.6 Throwing
 - Level 1.7 Dodging
 - Level 0.8 Stealth


You had 2 spell levels left.
You didn't know any spells.
Your spell library was empty.

Dungeon Overview and Level Annotations

Branches:
Dungeon (2/15)

Altars:

Shops:
D:1 (


Innate Abilities, Weirdness & Mutations

You have sharp fingernails.


Message History

The adder completely misses you.
You barely miss the adder.
The adder is almost dead.
The adder bites you.
* * * LOW HITPOINT WARNING * * *
You barely miss the adder.
The adder is almost dead.
The adder misses you. The adder bites you.
* * * LOW HITPOINT WARNING * * *
You are poisoned.
The adder poisons you!
You completely miss the adder.
The adder is almost dead.
You feel sick. The adder barely misses you.
You closely miss the adder.
The adder is almost dead.
You feel sick. The adder bites you but does no damage.
You miss the adder.
The adder is almost dead.
You feel sick. The adder barely misses you.
You hit the adder but do no damage.
The adder is almost dead.
You feel sick.
You are no longer poisoned.
The adder bites you.
* * * LOW HITPOINT WARNING * * *
The adder closely misses you.
It was a potion of berserk rage.
A red film seems to cover your vision as you go berserk!
You feel yourself moving faster!
You feel mighty! The adder bites you.
* * * LOW HITPOINT WARNING * * *
You are lethally poisoned!
The adder poisons you!
You whack the adder!
The adder seems to slow down.
You freeze the adder.
You kill the adder!
* * * LOW HITPOINT WARNING * * *
You feel sick.
You whack the goblin! You freeze the goblin.
You kill the goblin!
You die...

)..............................
........##.....>...............
##.....<##............g........
##.....#####......##.......[..
#......##P##......###.....###
#......#P..###....# ......
##...###..).#.##w.# ..#... #.#.
#♣[PP.#)g#r.###...## #.#.
#_.≈≈.@#.#ggg..... ..#.
#♣.≈P.##.#.##.##.. #...P#PgP.#
.# #P..####.g# # ##P# #### ##


You could see a hobgoblin.

Vanquished Creatures
  An adder (D:2)
  A dart slug (D:2)
  2 ball pythons (D:1)
  2 endoplasms
  8 goblins
  3 hobgoblins
  4 jackals (D:1)
  4 bats (D:1)
  A frilled lizard (D:1)
  4 kobolds (D:1)
  2 rats (D:1)
32 creatures vanquished.

Vanquished Creatures (others)
  A fungus (D:2)
  3 plants (D:2)
4 creatures vanquished.

Grand Total: 36 creatures vanquished

Notes
Turn   | Place    | Note
-------+----------+-------------------------------------------
     0 | D:1      | fiver49 the Demonspawn Hunter began the quest for the Orb.
     0 | D:1      | Reached XP level 1. HP: 16/16 MP: 1/1
    72 | D:1      | Reached skill level 1 in Maces & Flails
   163 | D:1      | Found Duolarig's Weapon Boutique.
   186 | D:1      | Gained mutation: You have sharp fingernails. [demonic
                  | ancestry]
   186 | D:1      | Reached XP level 2. HP: 16/22 MP: 2/2
   735 | D:1      | Reached XP level 3. HP: 26/27 MP: 3/3
  1233 | D:2      | Found a faded altar of an unknown god.
  1244 | D:2      | HP: 1/40 [poisoned by an adder]
  1245 | D:2      | Succumbed to an adder's poison

Illustrated notes

Levels and vault maps discovered:
D:1:      onia_arrival_pyramid, layout_basic, serial_shops, shop
D:2:      cheibrodos_helix_gallery, layout_rooms,
          dreamdust_ecumenical_altar_hidden_monk_grotto, basic_altar,
          minmay_hexomino_f4, uniq_robin

Skill      XL: |  1  2 |
---------------+-------+-----
Maces & Flails | 1 2 |  2.8
Fighting       | |  2.0
Long Blades    | |  0.3
Throwing       | |  3.6
Dodging        | |  1.7
Stealth        | |  0.8

Action                   || total
-------------------------++-------
Melee: Whip              ||   103
       Short sword       ||     1
Throw: Javelin           ||     4
  Use: Potion            ||     1
 Stab: Sleeping          ||     1
Armor: Leather armour    ||    21
Dodge: Dodged            ||    72
